 Dungeon Crawl Stone Soup version 0.26-a0-667-g9264253 (webtiles) character file.

Game seed: 10216723733684416060

7615 Mopster the Basher (level 10, 0/91 HPs)
             Began as a Minotaur Berserker on Oct 17, 2020.
             Was an Elder of Trog.
             Slain by a guardian serpent (shapeshifter) (14 damage)
             ... on level 10 of the Dungeon.
             The game lasted 00:46:44 (10193 turns).

Mopster the Basher (Minotaur Berserker)            Turns: 10193, Time: 00:46:45

Health: 0/91       AC: 12    Str: 22    XL:     10   Next: 98%
Magic:  9/9        EV: 11    Int:  7    God:    Trog [****..]
Gold:   765        SH: 12    Dex: 13    Spells: 9/9 levels left

rFire    . . .     SeeInvis .   k - +1 flail (protect)
rCold    . . .     Faith    .   w - +0 kite shield of Yredelemnul's Esteem {Int+3}
rNeg     . . .     Spirit   .   N - +3 scale mail
rPois    .         Reflect  .   (helmet restricted)
rElec    .         Harm     .   r - scarf {+Inv}
rCorr    .         Rampage  .   T - +0 pair of gloves
MR       +....                  (no boots)
Stlth    ..........             (no amulet)
HPRegen  0.25/turn              i - ring of protection from magic
MPRegen  0.11/turn              B - ring of wizardry

@: berserk cooldown, slowed, very slow
A: retaliatory headbutt, horns 2
a: Berserk, Trog's Hand, Brothers in Arms, Renounce Religion, Evoke Invisibility


You were on level 10 of the Dungeon.
You worshipped Trog.
Trog was greatly pleased with you.
You visited 1 branch of the dungeon, and saw 10 of its levels.
You also visited: Ossuary.

You collected 765 gold pieces.

Inventory:

Hand Weapons
 a - a +4 scimitar of freezing
 j - a +4 hand axe
 k - a +1 flail of protection (weapon)
 D - a +1 war axe of flaming
 S - a +1 vorpal dire flail
Missiles
 M - 2 throwing nets (quivered)
Armour
 r - a scarf of invisibility (worn)
 w - the +0 kite shield of Yredelemnul's Esteem (worn) {Int+3}
   (You found it on level 4 of the Dungeon)

   It affects your intelligence (+3).
 J - +0 acid dragon scales
 N - a +3 scale mail (worn)
 T - a +0 pair of gloves (worn)
 U - a +2 ring mail of cold resistance
Jewellery
 i - a ring of protection from magic (left hand)
 u - an uncursed ring of magical power
 z - an uncursed ring of resist corrosion
 B - a ring of wizardry (right hand)
 V - a cursed ring of resist corrosion
Wands
 o - a wand of enslavement (8)
 A - a wand of iceblast (20)
 H - a wand of acid (10)
 K - a wand of paralysis (12)
 Y - a wand of flame (38)
Scrolls
 b - 5 scrolls of remove curse
 f - 2 scrolls of enchant armour
 g - a scroll of blinking {unknown}
 h - 6 scrolls of fog
 l - 5 scrolls of magic mapping
 n - 7 scrolls of teleportation
 p - a scroll of random uselessness {unknown}
 s - 3 scrolls of enchant weapon
 t - 2 scrolls of fear {unknown}
 R - 2 scrolls of immolation {unknown}
 X - a scroll of noise {unknown}
Potions
 c - 3 potions of lignification
 d - 3 potions of mutation {unknown}
 e - 12 potions of curing
 m - 2 potions of might {unknown}
 q - 4 potions of stabbing
 v - 2 potions of degeneration {unknown}
 x - a potion of resistance {unknown}
 C - 3 potions of berserk rage {unknown}
 E - a potion of brilliance {unknown}
 O - 2 potions of heal wounds {unknown}
 P - a potion of haste {unknown}
 Q - 2 potions of flight {unknown}
Miscellaneous
 y - a phantom mirror (inert)


   Skills:
 * Level 9.2 Fighting
 * Level 13.4 Maces & Flails
 + Level 8.0 Armour
 + Level 3.9 Dodging
 - Level 0.3 Stealth
 * Level 9.2 Shields


You had 9 spell levels left.
You didn't know any spells.
Your spell library contained the following spells:

 Spells                   Type           Power        Failure   Level
 Beastly Appendage        Tmut           #.....       63%         1
 Freeze                   Ice            #...         63%         1
 Magic Dart               Conj           #...         63%         1
 Searing Ray              Conj           #.....       77%         2
 Wereblood                Tmut           #.......     77%         2
 Dazzling Flash           Conj/Hex       #.....       92%         3
 Frozen Ramparts          Ice            #.....       92%         3
 Ozocubu's Armour         Ice            #.......     92%         3
 Spider Form              Tmut/Pois      #.........   92%         3
 Fulminant Prism          Conj/Hex       #.........   100%        4
 Hailstorm                Conj/Ice       #.......     100%        4
 Ice Form                 Ice/Tmut       #.......     100%        4
 Iskenderun's Mystic Bla  Conj/Tloc      #.......     100%        4
 Summon Ice Beast         Ice/Summ       #.......     100%        4
 Blade Hands              Tmut           #.........   100%        5
 Chain Lightning          Conj/Air       #.........   100%        8
 Lehudib's Crystal Spear  Conj/Erth      #.........   100%        8
 Absolute Zero            Ice            #.........   100%        9
 Fire Storm               Conj/Fire      #.........   100%        9


Dungeon Overview and Level Annotations

Branches:
Dungeon (10/15)            Temple (0/1) D:5         Ossuary (visited)
   Lair: D:8-11         Orc: D:9-12

Altars:
Cheibriados
Gozag
Kikubaaqudgha
Nemelex Xobeh
Okawaru
Trog
Wu Jian

Shops:
D:4 (   D:7 *


Innate Abilities, Weirdness & Mutations

You reflexively headbutt those who attack you in melee.
You have a pair of horns on your head.


Message History

The centaur warrior wields a +0 longbow.
The centaur warrior shoots an arrow.
The arrow hits your polar bear!!
Your polar bear dies!
Your polar bear's corpse disappears in a puff of smoke!
A fire crab comes into view.
Things that are here:
a +0 hand axe; a +0 chain mail; an orc skeleton The centaur warrior shoots an arrow.
The arrow hits you!
You see here an arrow.
The centaur warrior shoots an arrow.
The arrow hits you!!
The centaur warrior shoots an arrow.
The arrow hits you!
* * * LOW HITPOINT WARNING * * *
You see here 2 arrows.
The centaur warrior shoots an arrow.
The arrow hits you!
* * * LOW HITPOINT WARNING * * *
A guardian serpent comes into view.
You see here an arrow.
The guardian serpent hits you but does no damage.
The guardian serpent hits you!
You die...

########.##.##.#...###..#####
.........##.#..###...#####..#
.........##.#.##...##.###.#.#
.........##.#..#.#####..#.#.#
.........##....####).###.##.#
.........##..####()#)§#####.#
.........#.####((###.#ct####.
############.#.##Sc###...#.##.###
#......#.....##.@###...#.#.#.#..#
#......#.....#####.....#.#.###...
####...#..##.# # ##.[..#.#.†..(..
..........#..# ..####..#.#h###...
..........#..# i#.c#####.#h#.#).#
..........#..# .###.u#####.##.###
......######.# .#Z###..###c.###..
####..# ..# ....D###B○.###....
#.....# ..# Z#?###°°####......


You could see a centaur warrior and a guardian serpent.

Vanquished Creatures
  Harold (D:8)
  A centaur warrior (D:10)
  Pikel (D:7)
  A cyclops (D:10)
  Maggie (D:7)
  2 trolls (D:9)
  A steam dragon (D:8)
  Menkaure (D:7)
  A black bear (D:5)
  A necrophage (D:10)
  3 orc warriors
  2 ice beasts
  3 sky beasts
  A phantom (D:5)
  2 centaurs (D:8)
  3 ogres
  A big kobold (D:7)
  3 bullfrogs
  A wyvern skeleton (D:7)
  3 wights (D:7)
  A centaur zombie (D:7)
  Crazy Yiuf (D:4)
  6 hounds
  An orc priest (D:4)
  3 orc wizards
  A bullfrog skeleton (D:4)
  Jessica (D:2)
  3 iguanas
  Natasha (thrice) (D:2)
  8 worker ants
  A hound zombie (D:5)
  3 hound skeletons
  4 mummies (Ossuary)
  A worker ant zombie (D:5)
  8 adders
  2 white imps
  An ufetubus (D:5)
  2 oozes
  An adder zombie (D:7)
  3 worms
  2 dart slugs
  8 leopard geckos
  19 orcs
  2 ball pythons
  4 giant cockroaches
  5 gnoll zombies (Ossuary)
  7 goblins
  8 hobgoblins
  3 jackals (D:5)
  14 kobolds
  3 quokkas
  10 bats
  7 frilled lizards
  3 gnoll skeletons (Ossuary)
  4 goblin skeletons (Ossuary)
  4 goblin zombies (Ossuary)
  2 hobgoblin skeletons (Ossuary)
  4 hobgoblin zombies (Ossuary)
  A jackal skeleton (D:8)
  A jackal zombie (D:5)
  6 kobold skeletons (Ossuary)
  5 kobold zombies (Ossuary)
  2 leopard gecko skeletons
  6 orc skeletons (Ossuary)
  2 orc zombies (Ossuary)
  9 rats
  4 rat skeletons (Ossuary)
  4 rat zombies (Ossuary)
236 creatures vanquished.

Vanquished Creatures (collateral kills)
  A boulder beetle (D:10)
  The ghost of Gigglenaut the Fighter, a novice DrIE (D:8)
  An ugly thing (D:10)
  A yaktaur (shapeshifter) (D:10)
  A polar bear (D:8)
  3 spriggans (D:8)
  A hog (shapeshifter) (D:10)
9 creatures vanquished.

Vanquished Creatures (others)
  A wizard (D:5)
  A goblin zombie (Ossuary)
  7 fungi (D:8)
  A plant (D:8)
10 creatures vanquished.

Grand Total: 255 creatures vanquished

Notes
Turn   | Place    | Note
-------+----------+-------------------------------------------
     0 | D:1      | Mopster the Minotaur Berserker began the quest for the Orb.
     0 | D:1      | Reached XP level 1. HP: 19/19 MP: 0/0
   183 | D:1      | Reached skill level 4 in Maces & Flails
   183 | D:1      | Reached XP level 2. HP: 25/27 MP: 1/1
   794 | D:1      | Reached XP level 3. HP: 27/33 MP: 2/2
  1136 | D:2      | Noticed Natasha
  1141 | D:2      | Killed Natasha
  1141 | D:2      | Reached ** piety under Trog
  1141 | D:2      | Reached skill level 5 in Maces & Flails
  1144 | D:2      | Noticed Natasha
  1157 | D:2      | Killed Natasha
  1157 | D:2      | Reached XP level 4. HP: 12/41 MP: 3/3
  1444 | D:2      | Noticed Jessica
  1462 | D:2      | Killed Jessica
  1654 | D:2      | Noticed Natasha
  1659 | D:2      | Killed Natasha
  1659 | D:2      | Reached skill level 6 in Maces & Flails
  1659 | D:2      | Reached XP level 5. HP: 47/47 MP: 4/4
  1965 | D:3      | Found a faded altar of an unknown god.
  3258 | D:4      | Got an ancient kite shield
  3264 | D:4      | Identified the +0 kite shield of Yredelemnul's Esteem
                  | {Int+3} (You found it on level 4 of the Dungeon)
  3272 | D:4      | Reached *** piety under Trog
  3272 | D:4      | Reached XP level 6. HP: 53/53 MP: 5/5
  3295 | D:4      | Reached skill level 7 in Maces & Flails
  3300 | D:4      | Reached skill level 1 in Shields
  3340 | D:4      | Reached skill level 5 in Fighting
  3394 | D:4      | Found Dumystri's Antique Weapon Boutique.
  3665 | D:4      | Reached XP level 7. HP: 61/61 MP: 6/6
  3796 | D:4      | Found a bloodstained altar of Trog.
  3796 | D:4      | Found a snail-covered altar of Cheibriados.
  3798 | D:4      | Found a sparkling altar of Nemelex Xobeh.
  3858 | D:4      | Found a runed translucent door.
  3859 | D:4      | Noticed Crazy Yiuf
  3921 | D:4      | Killed Crazy Yiuf
  4060 | D:5      | Entered Level 5 of the Dungeon
  4178 | D:5      | Reached skill level 8 in Maces & Flails
  4186 | D:5      | Found a staircase to the Ecumenical Temple.
  4394 | D:5      | Found a bloodstained altar of Trog.
  4397 | D:5      | Noticed a wizard
  4403 | D:5      | Killed a wizard
  4934 | D:5      | Reached skill level 9 in Maces & Flails
  5142 | D:6      | Found an iron altar of Okawaru.
  5287 | D:6      | Found an ornate altar of the Wu Jian Council.
  5725 | D:6      | Reached XP level 8. HP: 67/69 MP: 7/7
  6392 | D:7      | Noticed Maggie
  6392 | D:7      | Noticed Pikel
  6427 | D:7      | Killed Pikel
  6427 | D:7      | Reached skill level 10 in Maces & Flails
  6427 | D:7      | Reached skill level 5 in Armour
  6433 | D:7      | Killed Maggie
  6433 | D:7      | Reached **** piety under Trog
  6472 | D:7      | Reached XP level 9. HP: 78/78 MP: 8/8
  6591 | D:7      | Noticed Menkaure
  6608 | D:7      | Killed Menkaure
  6608 | D:7      | Reached skill level 11 in Maces & Flails
  6608 | D:7      | Reached skill level 5 in Shields
  6746 | D:7      | Found Gozag's Platinum Reserve.
  6754 | D:7      | Found an opulent altar of Gozag.
  7116 | D:8      | Noticed Harold
  7127 | D:8      | Killed Harold
  7143 | D:8      | Reached skill level 12 in Maces & Flails
  7229 | D:8      | Found a sand-covered staircase.
  7333 | Ossuary  | Entered an ossuary
  7436 | Ossuary  | Reached ***** piety under Trog
  7727 | D:8      | Received a gift from Trog
  7888 | D:8      | Reached XP level 10. HP: 79/88 MP: 9/9
  8049 | D:8      | Found a runed translucent door.
  8050 | D:8      | Noticed Gigglenaut's ghost (novice DrIE)
  8050 | D:8      | Identified the cursed +2 trident of Gokaff {drain, Dex+2
                  | SInv}
  8410 | D:8      | Killed Gigglenaut's ghost
  8815 | D:9      | Found an ancient bone altar of Kikubaaqudgha.
  9027 | D:10     | Entered Level 10 of the Dungeon
  9674 | D:10     | Noticed a cyclops
  9689 | D:10     | Killed a cyclops
  9788 | D:10     | Reached skill level 13 in Maces & Flails
  9997 | D:10     | Noticed a centaur warrior
 10017 | D:10     | Killed a centaur warrior
 10157 | D:10     | Noticed a white ugly thing
 10157 | D:10     | Noticed a fire dragon
 10157 | D:10     | Noticed a centaur warrior
 10157 | D:10     | Noticed a boulder beetle
 10175 | D:10     | Killed a white ugly thing
 10177 | D:10     | Killed a boulder beetle
 10186 | D:10     | Noticed a fire crab
 10190 | D:10     | Noticed a guardian serpent
 10193 | D:10     | Slain by a guardian serpent (shapeshifter)

Illustrated notes

Levels and vault maps discovered:
D:1:      dpeg_arrival_pits, layout_basic, serial_curves, eino_curves_03,
          eino_curves_01, st_stairs_3
D:2:      layout_rooms, uniq_natasha, uniq_jessica
D:3:      minmay_razor_zed, layout_basic,
          chequers_ecumenical_altar_simple_redux, st_stairs_1
D:4:      layout_loops_ring, nicolae_overflow_hidden_temple, serial_shops, shop,
          hex_medium, kennysheep_generic_room_7, uniq_crazy_yiuf_cottage
D:5:      black_bear_nest_1, layout_loops_corners, minmay_temple_entry_arrows,
          minmay_misc_feat_doors, trog_wizard
D:6:      layout_basic, lemuel_doored_altar, nicolae_overflow_crystal_walls
D:7:      layout_basic, skrybe_limestone_x, nicolae_gozag_zags_fifth_avenue,
          uniq_maggie, uniq_menkaure, uniq_pikel
D:8:      layout_cave_pools, ebering_ghost_funeral_grove, enter_ossuary_2,
          minmay_misc_feat_chi, chequers_jeans, uniq_harold
D:9:      layout_basic, kennysheep_little_box
D:10:     minmay_the_grid_triangle_9x9_rhombus_full
          [minmay_the_grid_triangle_9x9_intruding_spiral,
          minmay_the_grid_triangle_9x9_corrupted_corridor,
          minmay_the_grid_triangle_9x9_zippers_vertical,
          minmay_the_grid_triangle_9x9_swiss_cheese,
          minmay_the_grid_triangle_9x9_impossible_snake,
          minmay_the_grid_triangle_9x9_warning,
          minmay_the_grid_triangle_9x9_cache,
          minmay_the_grid_triangle_9x9_prize_top_heavy], layout_grid_maze

Skill      XL: |  1  2  3  4  5  6  7  8  9 10 |
---------------+-------------------------------+-----
Maces & Flails | 4 5 6 7 9 10 12 13 | 13.4
Fighting       | 4 5 6 8 9 |  9.2
Armour         | 3 4 5 6 8 |  8.0
Shields        | 1 3 4 6 9 |  9.2
Dodging        | 3 |  3.9
Stealth        | |  0.3

Action                   |  1- 3 |  4- 6 |  7- 9 | 10-12 || total
-------------------------+-------+-------+-------+-------++-------
Melee: Mace              |    55 |     3 |       |       ||    58
       Headbutt          |     4 |    23 |    82 |    27 ||   136
       Flail             |       |   148 |   144 |   101 ||   393
       Whip              |       |       |   193 |       ||   193
Invok: Berserk           |     1 |     2 |     8 |     4 ||    15
       Trog's Hand       |       |     1 |     2 |     3 ||     6
       Brothers in Arms  |       |       |       |     2 ||     2
Evoke: Phantom mirror    |       |       |       |     1 ||     1
  Use: Scroll            |       |     4 |     5 |     2 ||    11
Armor: Animal skin       |     8 |       |       |       ||     8
       Leather armour    |     5 |    25 |       |       ||    30
       Scale mail        |       |    39 |    44 |    16 ||    99
       Plate armour      |       |       |    50 |    29 ||    79
Dodge: Dodged            |    42 |    65 |    70 |    15 ||   192
Block: Kite shield       |       |    22 |   117 |    43 ||   182

Table legend: (Time is in decaauts)
 A = Elapsed time spent in this place.
 B = Non-inter-level travel time spent in this place.
 C = Inter-level travel time spent in this place.
 D = Time resting spent in this place.
 E = Time spent auto-exploring this place.
 F = Levels seen in this place.
 G = Mean time per level.
                   A        B        C        D        E       F      G
               +--------+--------+--------+--------+--------+-----+--------+
         Total |  10239 |   8468 |   1771 |    953 |   5541 |  11 |  930.8 |
       Dungeon |   9892 |   8121 |   1771 |    941 |   5508 |  10 |  989.2 |
       Ossuary |    347 |    347 |      0 |     12 |     33 |   1 |  347.0 |
               +--------+--------+--------+--------+--------+-----+--------+

Top non-repeatable levels by time:
     D:3: 1241 daAuts
     D:6: 1178 daAuts
    D:10: 1176 daAuts
     D:1: 1137 daAuts
     D:5: 1129 daAuts
     D:4: 948 daAuts
     D:8: 944 daAuts
     D:2: 802 daAuts
     D:7: 757 daAuts
     D:9: 574 daAuts
 Ossuary: 347 daAuts
